Match 39966923
Unlisted

Match 39966923
End
Selects Airborne Battlegroup
Selects Airborne Battlegroup
Selects Heavy Machine Gun Paradrop
Heavy Machine Gun Paradrop
Construct Weapon Support Center
Engineer Squad
Bazooka Squad
Heavy Machine Gun Paradrop
Selects Paratrooper Squad Paradrop
Paratrooper Squad Paradrop
Infantry Support Center
.30 cal Machine Gun
M3 Armored Personnel Carrier
Advanced Logistics
.30 cal Machine Gun
Survival Training
.30 cal Machine Gun
AI Takeover
DJBuckCallYo
Onmyouji
Solid
Atomic Floyd
deadsadbadmad
Alessandro-9891
0
0

Comments sign in to comment!

No comments posted yet!